 Dungeon Crawl Stone Soup version 0.18.1-48-g4cf74bf (webtiles) character file.

216 mopl the Magician (level 5, -1/27 HPs)
             Began as a Vine Stalker Wanderer on Aug 31, 2016.
             Killed from afar by an oklob plant (8 damage)
             ... with a splash of acid
             ... created by the enmity of Fedhas Madash
             ... on level 3 of the Dungeon.
             The game lasted 00:04:12 (2443 turns).

mopl the Magician (Vine Stalker Wanderer)           Turns: 2443, Time: 00:04:12

Health: -1/27      AC:  5    Str: 17    XL:     5   Next: 93%
Magic:  0/21       EV: 11    Int: 12    God:
Gold:   197        SH:  0    Dex: 12    Spells: 2 memorised, 8 levels left

rFire  + . .     SeeInvis .     w - +1 dagger (protect)
rCold  . . .     Gourm    .     d - +0 robe
rNeg   . . .     Faith    .     (no shield)
rPois  .         Spirit   +     (no helmet)
rElec  .         Dismiss  .     (no cloak)
rCorr  .         Reflect  .     i - +0 pair of gloves (curse)
SustAt .         Harm     .     j - +0 pair of boots
MR     .....                    t - amulet of magic regeneration
Stlth  ++........               x - ring of magical power
                                v - ring of protection from fire

@: corroded, repel missiles, not resistant to hostile enchantments, unstealthy
A: fangs 2, regeneration 1, magic shield, antimagic bite, no device heal 3, rot
immunity
a: no special abilities


You were on level 3 of the Dungeon.
You were not hungry.

You visited 1 branch of the dungeon, and saw 3 of its levels.

You collected 197 gold pieces.

Inventory:

Hand Weapons
 c - a +0 mace
 g - a +0 dagger
 w - a +1 dagger of protection (weapon)
Missiles
 p - 27 poisoned needles
Armour
 d - a +0 robe (worn)
 i - a cursed +0 pair of gloves (worn)
 j - a +0 pair of boots (worn)
Jewellery
 t - an amulet of magic regeneration (around neck)
 v - a ring of protection from fire (left hand)
 x - a ring of magical power (right hand)
Scrolls
 h - a scroll of fear {unknown}
 k - 2 scrolls of identify
 n - a scroll of amnesia {unknown}
 o - a scroll of remove curse {unknown}
 u - a scroll of magic mapping {unknown}
 y - a scroll of fog {unknown}
 B - a scroll of noise {unknown}
 C - 2 scrolls of immolation {unknown}
Potions
 e - 2 potions of might
 l - 2 potions of curing
 s - a potion of invisibility
 A - a potion of cancellation {unknown}
Books
 a - a book of Minor Magic

   Spells                             Type                      Level
   a - Magic Dart                     Conjuration                  1
   b - Blink                          Translocation                2
   c - Call Imp                       Summoning                    2
   d - Repel Missiles                 Charms/Air                   2
   e - Slow                           Hexes                        2
   f - Conjure Flame                  Conjuration/Fire             3
   g - Mephitic Cloud                 Conjuration/Poison/Air       3
 b - the Grimoire of the Raven

   Spells                             Type                      Level
   a - Throw Frost                    Conjuration/Ice              2
   b - Ensorcelled Hibernation        Hexes/Ice                    2
Comestibles
 f - 3 bread rations
 m - a slice of pizza
 q - 3 meat rations
 r - a royal jelly
 z - 3 fruits
 D - a chunk of flesh


   Skills:
 + Level 2.7 Fighting
 + Level 1.9 Short Blades
 - Level 1.0 Maces & Flails
 + Level 2.4 Throwing
 - Level 1.0 Armour
 + Level 4.1 Stealth
 - Level 4.3 Spellcasting
   Level 1.0 Poison Magic


You had 8 spell levels left.
You knew the following spells:

 Your Spells              Type           Power        Failure   Level  Hunger
e - Blink                 Tloc           N/A          34%         2    ##.....
i - Repel Missiles        Chrm/Air       #.....       34%         2    ##.....


Dungeon Overview and Level Annotations

Branches:
Dungeon (3/15)

Altars:
Elyvilon
Fedhas

Annotations:
D:3 exclusion: 3 oklob plants


Innate Abilities, Weirdness & Mutations

You have extremely sharp teeth.
Your natural rate of healing is unusually fast.
When hurt, damage is shared between your health and your magic reserves.
Your bite disrupts and absorbs the magic of your enemies.
Potions and wands cannot restore your health.
You are immune to rotting.


Message History

You hit the hobgoblin. Your bite misses the hobgoblin.
The hobgoblin is almost dead.
The hobgoblin hits you but does no damage.
Plants grow around you in an ominous manner.
Marking area around the oklob plant as unsafe for travelling.
Marking area around the oklob plant as unsafe for travelling.
Marking area around the oklob plant as unsafe for travelling.
A wandering mushroom and 3 oklob plants come into view.
You hit the hobgoblin.
You kill the hobgoblin!
The wandering mushroom releases spores at you!
You are engulfed in a cloud of spores!
Things that are here:
a club; a hobgoblin corpse The oklob plant spits acid at you.
The splash of acid hits you! The acid corrodes you!
The acid burns!
* * * LOW HITPOINT WARNING * * *
The oklob plant spits acid at you. The splash of acid hits you!
You die...

### #.#############.#
#.......†.......#
#.###...†.....#.# #.#
#†#######.#(#
#.###.##### #.#
#...#.....#.###.#
###.#.....#..@#f####
#.#....)##..).P..#
######.#.....##..PP##.#
.......#.....##.#####.#
########.....##. #.#
................ #.#
#######.#############.#
#...............#
#################


You could see 3 oklob plants.

Vanquished Creatures
  A hound (D:3)
  Ijyb (D:3)
  4 gnolls (D:2)
  6 adders (D:3)
  3 dart slugs
  7 bats
  3 giant cockroaches
  10 hobgoblins
  5 jackals
  8 kobolds
  A quokka (D:2)
  A ball python (D:2)
  5 giant newts
  5 goblins
  8 rats
68 creatures vanquished.

Vanquished Creatures (others)
  A giant cockroach (D:2)
1 creature vanquished.

Grand Total: 69 creatures vanquished

Notes
Turn   | Place    | Note
--------------------------------------------------------------
     0 | D:1      | mopl the Vine Stalker Wanderer began the quest for the Orb.
     0 | D:1      | mopl set off with: a book of Minor Magic, the Grimoire of the Raven, a +0 mace, a +0 robe, a bread ration
     0 | D:1      | Reached XP level 1. HP: 10/10 MP: 6/6
     0 | D:1      | Identified the Grimoire of the Raven
   236 | D:1      | Reached XP level 2. HP: 14/14 MP: 8/8
   237 | D:1      | Reached skill level 2 in Stealth
   615 | D:1      | Reached XP level 3. HP: 18/18 MP: 9/9
   924 | D:1      | Learned a level 2 spell: Blink
   927 | D:1      | Learned a level 2 spell: Repel Missiles
   951 | D:2      | Reached skill level 1 in Short Blades
  1241 | D:2      | Reached skill level 2 in Fighting
  1310 | D:2      | Reached XP level 4. HP: 14/23 MP: 11/11
  1421 | D:2      | Reached skill level 3 in Stealth
  1499 | D:2      | Found a white marble altar of Elyvilon.
  1924 | D:3      | Reached skill level 2 in Throwing
  1924 | D:3      | Reached XP level 5. HP: 18/26 MP: 12/12
  1931 | D:3      | Noticed Ijyb
  1951 | D:3      | Killed Ijyb
  2169 | D:3      | Found a faded altar to an unknown god.
  2176 | D:3      | Became a worshipper of Fedhas Madash
  2176 | D:3      | Reached * piety under Fedhas
  2176 | D:3      | Fell from the grace of Fedhas
  2388 | D:3      | Reached skill level 4 in Stealth
  2441 | D:3      | Noticed an oklob plant
  2441 | D:3      | Noticed a wandering mushroom
  2441 | D:3      | Noticed an oklob plant
  2441 | D:3      | Noticed an oklob plant
  2443 | D:3      | Killed from afar by an oklob plant

Skill      XL: |  1  2  3  4  5 |
---------------+----------------+-----
Stealth        | 2 3 4 |  4.1
Short Blades   | 1 |  1.9
Fighting       | 2 |  2.7
Throwing       | 2 |  2.4
Maces & Flails | |  1.0
Armour         | |  1.0
Spellcasting   | |  4.3
Poison Magic   | |  1.0

Action                   |  1- 3 |  4- 6 || total
-------------------------+-------+-------++-------
Melee: Mace              |   119 |    79 ||   198
       Bite              |    29 |    32 ||    61
       Dagger            |       |    40 ||    40
 Cast: Repel Missiles    |     1 |       ||     1
Invok: Renounce Religion |       |     1 ||     1
  Use: Scroll            |       |     3 ||     3
 Stab: Sleeping          |     3 |     3 ||     6
  Eat: Chunk             |     1 |     4 ||     5
Armor: Robe              |    35 |    40 ||    75
Dodge: Dodged            |    85 |    94 ||   179
